 Dungeon Crawl Stone Soup version 0.31-a0-435-g2c6fae2916 (webtiles) character file.

Game seed: 13106701844635062748

151 RepHenryClay the Ducker (level 5, -2/32 HPs)
             Began as a Kobold Monk on Aug 1, 2023.
             Slain by a wyvern (11 damage)
             ... on level 4 of the Dungeon.
             The game lasted 00:04:10 (2905 turns).

RepHenryClay the Ducker (Kobold Monk)               Turns: 2905, Time: 00:04:10

Health: -2/32      AC:  2    Str:  5 (8)  XL:     5   Next: 60%
Magic:  5/5        EV: 13    Int:  8 (11) God:
Gold:   132        SH:  0    Dex: 18 (20) Spells: 4/4 levels left

rFire   . . .        a - +0 mace
rCold   + . .        d - orb {light}
rNeg    . . .        e - +0 ring mail
rPois   .            (no helmet)
rElec   .            (no cloak)
rCorr   .            (no gloves)
SInv    .            (no boots)
Will    +....        (no amulet)
Stlth   +            (no ring)
HPRegen 0.25/turn    (no ring)
MPRegen 0.09/turn

%: no passive effects
@: enlightened, flying, glowing
A: small, no large weapons, nightstalker 3, cold resistance 1, deformed body
a: no special abilities


You were on level 4 of the Dungeon.
You visited 1 branch of the dungeon, and saw 4 of its levels.

You collected 207 gold pieces.
You spent 75 gold pieces at shops.

Inventory:

Hand Weapons
 a - a +0 mace (weapon)
 h - a +1 dagger of venom
Missiles
 k - 13 poisoned darts
 s - a throwing net
 z - 2 boomerangs
Armour
 d - an orb of light (worn)
 e - a +0 ring mail (worn)
 f - a +0 buckler
Jewellery
 p - a ring of poison resistance
 v - a ring of fire
Scrolls
 b - a scroll of blinking {unknown}
 i - 4 scrolls of identify {unknown}
 j - 3 scrolls of revelation
 m - 3 scrolls of teleportation {unknown}
 n - 3 scrolls of fog {unknown}
 u - a scroll of brand weapon {unknown}
 x - a scroll of enchant weapon {unknown}
 y - a scroll of immolation {unknown}
Potions
 c - a potion of ambrosia
 g - 2 potions of curing
 t - 4 potions of lignification {unknown}
 w - a potion of heal wounds {unknown}
 A - a potion of attraction {unknown}


   Skills:
 - Level 3.2 Fighting
 + Level 4.2 Maces & Flails
 + Level 5.6 Dodging


You had 4 spell levels left.
You didn't know any spells.
Your spell library contained the following spells:

 Spells                   Type           Power      Damage    Failure   Level
 Freeze                   Ice            0%         1d3       91%         1
 Slow                     Hex            0%         N/A       91%         1
 Sting                    Tmut/Pois      0%         1d3       91%         1
 Poisonous Vapours        Pois/Air       0%         N/A       97%         2
 Confusing Touch          Hex            0%         N/A       99%         3
 Frozen Ramparts          Ice            0%         1d1       99%         3
 Hailstorm                Conj/Ice       0%         3d3       99%         3
 Portal Projectile        Hex/Tloc       0%         N/A       99%         3
 Tukima's Dance           Hex            0%         N/A       99%         3
 Vampiric Draining        Necr           0%         2d6       99%         3
 Iskenderun's Mystic Bla  Conj/Tloc      0%         2d3       100%        4
 Olgreb's Toxic Radiance  Pois           0%         N/A       100%        4


Dungeon Overview and Level Annotations

Branches:
Dungeon (4/15)
 Temple: D:4-7

Altars:

Shops:
D:4 *


Innate Abilities, Weirdness & Mutations

You are small and have problems with some larger weapons.
You are completely attuned to the shadows.
Your flesh is cold resistant. (rC+)
Armour fits poorly on your strangely shaped body.


Message History

No target in view!
Unknown command.
Found a stone staircase leading down.
A ball python comes into view.
Found Ipeak's General Store.
The ball python hisses angrily.
You hit the ball python.
The ball python is severely wounded.
The ball python barely misses you. The ball python completely misses you.
The ball python bites you but does no damage.
The ball python grabs you. The ball python constricts you.
You sock the ball python!
You kill the ball python!
No target in view!
There is an entrance to Ipeak's General Store here.
j - 3 scrolls of revelation (gained 1) Thank you for shopping at Ipeak's General Store!
Found a stone staircase leading down.
A wyvern comes into view.
A wyvern is nearby!
The wyvern hisses angrily.
The wyvern bites you!
Ouch! That really hurt!
Huge Dmg: -50%(-16hp) hp: 50%(16hp) It was a potion of cancellation.
You feel magically purged. The wyvern misses you.
It was a potion of enlightenment.
You feel very buoyant.
You fly up into the air.
The wyvern barely misses you. The wyvern closely misses you.
It was a potion of degeneration.
There was something very wrong with that liquid.
You feel weakened.
You feel dopey.
You feel clumsy. The wyvern bites you!
* * * LOW HITPOINT WARNING * * *
Huge Dmg: -21%(-7hp) hp: 29%(9hp) It was a potion of mutation.
You feel extremely strange.
Your body twists and deforms.
You feel resistant to cold. The wyvern barely misses you. The wyvern bites you!
You die...

#.##.# ......# #.##....###
.#....# #.........# #....#
........#.# .......#
#.##....#.##. #.####.##.
.......##<##. #........#
.##.#.##.##.##........##♣♣
.....†...............#♣.♣♣♣♣#
.#######.##.@.........♣♣.P.P.♣
#.##l##..♣.♣........PP♣
####....##..♣.♣..♣♣....P♣.
#......>##..♣.♣..♣♣.P..PP♣
#..#........♣.♣##♣♣.P♣♣.♣♣
#∩.#.......#♣.♣## ♣.♣♣♣P♣
#.......###>♣.♣.##♣P.P♣♣♣
#...##..# #.♣.♣....♣..♣
#...##..# #.♣.♣.†....##


You could see a wyvern.

Vanquished Creatures
  Terence (D:3)
  An iguana (D:4)
  2 adders
  2 worms
  2 dart slugs
  An orc (D:3)
  5 bats
  4 endoplasms
  2 giant cockroaches
  10 goblins
  7 hobgoblins
  5 quokkas
  7 ball pythons
  6 frilled lizards
  9 kobolds
  5 rats
69 creatures vanquished.

Notes
Turn   | Place    | Note
-------+----------+-------------------------------------------
     0 | D:1      | RepHenryClay the Kobold Monk began the quest for the Orb.
     0 | D:1      | Reached XP level 1. HP: 14/14 MP: 1/1
   180 | D:1      | Reached XP level 2. HP: 18/19 MP: 2/2
   259 | D:1      | Reached skill level 4 in Dodging
   839 | D:2      | Reached XP level 3. HP: 23/23 MP: 3/3
  1384 | D:2      | Reached XP level 4. HP: 10/28 MP: 4/4
  1948 | D:3      | Noticed Terence
  1972 | D:3      | Killed Terence
  1973 | D:3      | Reached skill level 5 in Dodging
  2337 | D:3      | Reached XP level 5. HP: 32/32 MP: 5/5
  2878 | D:4      | Found Ipeak's General Store.
  2885 | D:4      | Bought a scroll of revelation for 75 gold pieces
  2900 | D:4      | Noticed a wyvern
  2905 | D:4      | Gained mutation: Armour fits poorly on your strangely
                  | shaped body. [potion of mutation]
  2905 | D:4      | Gained mutation: Your flesh is cold resistant. (rC+)
                  | [potion of mutation]
  2905 | D:4      | Slain by a wyvern

Illustrated notes

Levels and vault maps discovered:
D:1:      dpeg_arrival_boxes_within_box, layout_rooms
D:2:      layout_loops_corners, minmay_misc_feat_more_columns
D:3:      layout_rooms, st_stairs_11, uniq_terence
D:4:      layout_loops_cross, minmay_temple_entry_statues, serial_shops, shop,
          serial_forest, infiniplex_forest_lined_corner,
          infiniplex_forest_clump_double, infiniplex_forest_lined_3,
          infiniplex_forest_3_way, infiniplex_forest_clump_diagonal,
          infiniplex_forest_straight_3, uniq_blork_the_orc

Skill      XL: |  1  2  3  4  5 |
---------------+----------------+-----
Maces & Flails | 3 4 |  4.2
Dodging        | 4 5 |  5.6
Fighting       | |  3.2

Action                     |  1- 3 |  4- 6 || total
---------------------------+-------+-------++-------
  Melee: Mace              |    98 |   109 ||   207
    Use: Potion            |       |     6 ||     6
   Stab: Sleeping          |     1 |     1 ||     2
 Armour: Ring mail         |    23 |    30 ||    53
  Dodge: Dodged            |    58 |    75 ||   133

Table legend: (Time is in decaauts)
 A = Elapsed time spent in this place.
 B = Non-inter-level travel time spent in this place.
 C = Inter-level travel time spent in this place.
 D = Time resting spent in this place.
 E = Time spent auto-exploring this place.
 F = Levels seen in this place.
 G = Mean time per level.
                   A        B        C        D        E       F      G
               +--------+--------+--------+--------+--------+-----+--------+
         Total |   2950 |   2847 |    103 |      0 |   2363 |   4 |  737.5 |
       Dungeon |   2950 |   2847 |    103 |      0 |   2363 |   4 |  737.5 |
               +--------+--------+--------+--------+--------+-----+--------+

Top non-repeatable levels by time:
     D:2: 1202 daAuts
     D:3: 754 daAuts
     D:1: 679 daAuts
     D:4: 314 daAuts
